 Dungeon Crawl Stone Soup version 0.24.0-1-gfbc8707122 (webtiles) character file.

Game seed: 644527674908669986, levelgen mode: deterministic

653 H0rd4k the Cutter (level 7, 0/51 HPs)
             Began as a Human Artificer on Oct 28, 2019.
             Slain by a crimson imp (4 damage)
             ... on level 5 of the Dungeon.
             The game lasted 00:10:34 (5965 turns).

H0rd4k the Cutter (Human Artificer)                 Turns: 5965, Time: 00:10:34

Health: 0/51       AC:  2    Str: 14    XL:     7   Next: 84%
Magic:  10/10      EV: 13    Int: 12    God:
Gold:   341        SH:  0    Dex: 13    Spells: 6/6 levels left

rFire    . . .     SeeInvis .   a - +0 short sword
rCold    . . .     Gourm    +   (no shield)
rNeg     . . .     Faith    .   b - +0 leather armour
rPois    .         Spirit   .   n - +2 helmet
rElec    .         Reflect  .   k - +0 cloak
rCorr    .         Harm     .   (no gloves)
MR       .....                  (no boots)
Stlth    ++........             w - amulet of the gourmand
HPRegen  0.17/turn              u - -5 ring of protection (curse)
MPRegen  0.12/turn              (no ring)

@: no status effects
A: no striking features
a: no special abilities


You were on level 5 of the Dungeon.
You were very full.

You visited 2 branches of the dungeon, and saw 6 of its levels.

You collected 341 gold pieces.

Inventory:

Hand Weapons
 a - a +0 short sword (weapon)
 s - a +0 morningstar of freezing
Missiles
 c - 4 boomerangs (quivered)
Armour
 b - a +0 leather armour (worn)
 k - a +0 cloak (worn)
 n - a +2 helmet (worn)
Jewellery
 q - an uncursed amulet of rage
 u - a cursed -5 ring of protection (left hand)
 v - an uncursed ring of protection from magic {unknown}
 w - an amulet of the gourmand (around neck)
Wands
 d - a wand of enslavement (15)
 e - a wand of random effects (10)
Scrolls
 g - a scroll of enchant weapon {unknown}
 i - 2 scrolls of identify
 l - 2 scrolls of fog
 m - 2 scrolls of teleportation
 o - a scroll of noise
 t - a scroll of random uselessness {unknown}
Potions
 h - a potion of mutation
 j - 3 potions of heal wounds
 p - a potion of haste
 r - a potion of magic
Comestibles
 f - 8 rations


   Skills:
 + Level 2.9 Fighting
 + Level 4.6 Short Blades
 + Level 2.9 Armour
 + Level 3.7 Dodging
 + Level 1.8 Stealth
 + Level 4.1 Evocations


You had 6 spell levels left.
You didn't know any spells.
Your spell library contained the following spells:

 Spells                   Type           Power        Failure   Level  Hunger
 Animate Skeleton         Necr           N/A          38%         1    ##.....
 Magic Dart               Conj           #...         38%         1    ##.....
 Pain                     Necr           #...         38%         1    ##.....
 Searing Ray              Conj           #.....       52%         2    ###....
 Dazzling Spray           Conj/Hex       #.....       77%         3    ####...
 Regeneration             Chrm/Necr      #.........   77%         3    ####...
 Vampiric Draining        Necr           #.........   77%         3    ####...
 Animate Dead             Necr           N/A          99%         4    #####..
 Force Lance              Conj/Tloc      #.......     99%         4    #####..
 Fulminant Prism          Conj/Hex       #.........   99%         4    #####..
 Iskenderun's Mystic Bla  Conj           #.......     99%         4    #####..


Dungeon Overview and Level Annotations

Branches:
Dungeon (5/15)             Temple (1/1) D:4

Altars:
Ashenzari
Cheibriados
Dithmenos
Elyvilon
Hepliaklqana
Kikubaaqudgha
Makhleb
Okawaru
Qazlal
Ru
Sif Muna
Uskayaw
Vehumet
Wu Jian
Xom
Zin
The Shining One

Shops:
D:4 %

Annotations:
D:1 2 exclusions
D:4 Dowan, Duvessa


Message History

The crimson imp hits you.
* * * LOW HITPOINT WARNING * * *
You closely miss the crimson imp.
You are no longer corroded.
You hit the crimson imp but do no damage.
The crimson imp hits you.
* * * LOW HITPOINT WARNING * * *
You hit the crimson imp but do no damage.
The crimson imp hits you but does no damage.
You hit the crimson imp but do no damage.
The crimson imp hits you.
* * * LOW HITPOINT WARNING * * *
You hit the crimson imp but do no damage.
The crimson imp hits you but does no damage.
The crimson imp hits you.
* * * LOW HITPOINT WARNING * * *
You hit the crimson imp but do no damage.
The crimson imp hits you but does no damage.
The crimson imp hits you.
You die...

###.####.######### #..#
#.................# #..#
######...#############.#
#..# .........# ###.###
#J.# .#####.### #.....#
###..# .# #.#
#.....###.#..# .# #.#
#.....ยง..#...# .# #.#
########....)#.###... .#
#[# #..5@5........##
##.# .# #.#
#.############.###... .#
#.# #5######## #.#...#
.#####.######........#
#.....
..............######5#
#..... ###############
#.# #..... #.# ##5..#
#.# ##.## #.# #.#


You could see 2 crimson imps.

Vanquished Creatures
  A necrophage (D:2)
  A centaur (D:5)
  2 howler monkeys
  A jelly (D:5)
  2 orc priests (D:3)
  3 worker ants
  A hound skeleton (D:4)
  A worker ant zombie (D:5)
  2 gnolls
  6 adders
  3 oozes
  An adder skeleton (D:4)
  5 dart slugs
  4 worms
  3 leopard geckos
  10 orcs
  A ball python (D:3)
  10 bats
  4 giant cockroaches
  5 goblins
  8 hobgoblins
  14 jackals
  5 kobolds
  A quokka (D:3)
  9 frilled lizards
  A leopard gecko skeleton (D:5)
  A quokka skeleton (D:4)
  9 rats
114 creatures vanquished.

Notes
Turn   | Place    | Note
-------+----------+-------------------------------------------
     0 | D:1      | H0rd4k the Human Artificer began the quest for the Orb.
     0 | D:1      | Reached XP level 1. HP: 15/15 MP: 3/3
    76 | D:1      | Reached XP level 2. HP: 17/21 MP: 4/4
   373 | D:1      | Reached XP level 3. HP: 19/26 MP: 5/5
  1144 | D:2      | Reached XP level 4. HP: 32/32 MP: 6/6
  1147 | D:2      | Noticed a necrophage
  1154 | D:2      | Killed a necrophage
  1154 | D:2      | Reached skill level 1 in Armour
  1154 | D:2      | Reached XP level 5. HP: 37/37 MP: 7/7
  2209 | D:3      | Reached XP level 6. HP: 35/44 MP: 8/8
  2385 | D:3      | You fall into a shaft and drop 1 floor!
  2928 | D:4      | Found a staircase to the Ecumenical Temple.
  2949 | D:4      | Found Govuec's Food Shoppe.
  3247 | D:4      | Noticed Duvessa
  3539 | D:3      | Reached XP level 7. HP: 34/50 MP: 10/10
  3551 | D:3      | Found a hazy altar of Hepliaklqana.
  4764 | D:4      | Noticed Dowan
  4768 | Temple   | Entered the Ecumenical Temple
  4974 | D:5      | Entered Level 5 of the Dungeon
  5473 | D:5      | HP: 2/51 [poisoned by a worker ant]
  5965 | D:5      | Slain by a crimson imp

Levels and vault maps discovered:
D:1:      dpeg_arrival_chase, layout_loops_ring, minmay_domino_4
D:2:      layout_basic, minmay_parallelograms
D:3:      layout_basic, old_standard_altar, serial_curves, eino_curves_03,
          eino_curves_02
D:4:      minmay_angry_zag, layout_basic, minmay_temple_entry_trees,
          serial_shops, shop, first_ration, uniq_duvessa
D:5:      layout_loops_ring, gammafunk_ghost_necromancy
Temple:   regret_index_temple_sphere_string

Skill      XL: |  1  2  3  4  5  6  7 |
---------------+----------------------+-----
Short Blades   | 2 3 4 |  4.6
Armour         | 1 2 |  2.9
Fighting       | 2 |  2.9
Evocations     | 4 |  4.1
Dodging        | 3 |  3.7
Stealth        | |  1.8

Action                   |  1- 3 |  4- 6 |  7- 9 || total
-------------------------+-------+-------+-------++-------
Melee: Short sword       |   119 |   286 |   251 ||   656
Evoke: Wand              |       |    15 |     5 ||    20
  Use: Scroll            |       |       |    12 ||    12
       Potion            |       |       |     1 ||     1
 Stab: Sleeping          |     1 |     4 |       ||     5
       Paralysed         |       |       |     2 ||     2
  Eat: Chunk             |     1 |     8 |    14 ||    23
Armor: Leather armour    |    38 |    70 |    46 ||   154
Dodge: Dodged            |    69 |   177 |   154 ||   400
